 Dungeon Crawl Stone Soup version 0.28.0-53-g5a82cb258f (webtiles) character file.

Game seed: 13411580619323837757

709 hawla the Arsonist (level 7, -9/27 HPs)
             Began as a Felid Fire Elementalist on May 22, 2022.
             Shot with a sling bullet by Joseph (27 damage)
             ... on level 7 of the Dungeon.
             The game lasted 00:19:06 (9490 turns).

hawla the Arsonist (Felid Fire Elementalist)        Turns: 9490, Time: 00:19:07

Health: -9/27      AC:  2    Str:  4    XL:     7   Next: 40%
Magic:  12/12      EV: 19    Int: 19    God:
Gold:   222        SH:  0    Dex: 16    Spells: 4/12 levels left
                                        Lives:  0   Deaths: 2

rFire   . . .      SeeInvis +     - Unarmed
rCold   . . .      Faith    .   (shield unavailable)
rNeg    . . .      Spirit   .   (armour unavailable)
rPois   .          Reflect  .   (helmet unavailable)
rElec   .          Harm     .   (cloak unavailable)
rCorr   .          Rampage  .   (gloves unavailable)
Will    +....                   (boots unavailable)
Stlth   +.........              j - amulet of magic regeneration
HPRegen 0.09/turn               (no ring)
MPRegen 0.53/turn               (no ring)

@: confused, ambrosia-drunk, quick
A: very small, claws 1, fangs 3, see invisible, speed 1, shaggy fur 2, stealthy
paws, no weapons or thrown items, no armour, multi-lived
a: no special abilities


You were on level 7 of the Dungeon.
You visited 1 branch of the dungeon, and saw 7 of its levels.

You collected 222 gold pieces.

Inventory:

Jewellery
 j - an amulet of magic regeneration (around neck)
 q - a ring of resist corrosion
Wands
 c - a wand of flame (29)
 k - a wand of iceblast (7)
Scrolls
 f - a scroll of brand weapon {unknown}
 g - a scroll of teleportation
 h - 2 scrolls of identify
 l - a scroll of silence {unknown}
 m - 2 scrolls of noise {unknown}
 n - a scroll of magic mapping {unknown}
 p - a scroll of holy word {unknown}
 r - a scroll of amnesia
Potions
 a - 2 potions of might
 b - 3 potions of haste
 d - 3 potions of brilliance
 e - a potion of berserk rage {unknown}
 o - a potion of degeneration {unknown}


   Skills:
 + Level 0.2 Fighting
 + Level 4.8 Dodging
 - Level 3.1 Stealth
 + Level 2.2 Unarmed Combat
 + Level 3.0 Spellcasting
 + Level 5.0 Conjurations
 + Level 1.5 Translocations
 + Level 8.7 Fire Magic


You had 4 spell levels left.
You knew the following spells:

 Your Spells              Type           Power      Damage    Failure   Level
a - Foxfire               Conj/Fire      100%       2x1d9     1%          1
b - Scorch                Fire           72%        2d8       1%          2
c - Apportation           Tloc           16%        N/A       8%          1
d - Flame Wave            Conj/Fire      29%        2d8       9%          4

Your spell library contained the following spells:

 Spells                   Type           Power      Damage    Failure   Level
 Conjure Flame            Conj/Fire      29%        6-21      2%          3
 Inner Flame              Hex/Fire       19%        N/A       8%          3
 Animate Skeleton         Necr           4%         N/A       16%         1
 Summon Small Mammal      Summ           8%         N/A       16%         1


Dungeon Overview and Level Annotations

Branches:
Dungeon (7/15)
 Temple: D:4-7

Altars:

Shops:
D:5 **

Annotations:
D:6 Edmund
D:7 Dowan, Joseph


Innate Abilities, Weirdness & Mutations

You have sharp claws.
You have razor-sharp teeth.
You have supernaturally acute eyesight. (SInv)
You cover ground quickly. (Speed+)
You are covered in thick fur. (AC +2)
Your paws help you pounce on unaware monsters.
You are incapable of wielding weapons or throwing items.
You cannot wear armour.
You gain extra lives every three experience levels.


Message History

You conjure some foxfire!
The foxfire hits the ice beast.
The ice beast melts!
The ice beast is lightly wounded.
The foxfire hits the ice beast.
The ice beast is lightly wounded.
The foxfire hits the ice beast but does no damage.
The ice beast is lightly wounded.
Casting: Foxfire (safe; 1% risk of failure)
Confirm with . or Enter, or press ? or * to list all spells.
Flames lash the ice beast.
The ice beast melts!
The ice beast is severely wounded.
The ice beast's fire resistance burns away.
The foxfire hits the ice beast but does no damage.
The ice beast is severely wounded.
The foxfire hits the ice beast.
The ice beast melts!
The ice beast is almost dead.
The ice beast misses you.
The foxfire hits the ice beast.
The ice beast melts!
You kill the ice beast!
Your Spellcasting skill increases to level 3!
Your Conjurations skill increases to level 5!
Magic restored.
Things that are here:
a +2 great sword; a +0 robe
Things that are here:
a +0 short sword; a +0 robe
f - a scroll labelled RIOQA PYMPOAM
Things that are here:
a +0 shortbow; 17 arrows; a centaur skeleton Joseph is nearby!
Joseph is nearby!
Casting: Scorch (safe; 1% risk of failure)
Confirm with . or Enter, or press ? or * to list all spells.
You conjure some foxfire!
Joseph shoots a sling bullet.
The sling bullet hits you!
Ouch! That really hurt!
Unknown command.
Okay, then.
You are confused.
You feel invigorated.
Joseph shoots a sling bullet.
The sling bullet hits you!!
Ouch! That really hurt!
You die...

###### ######.)..#
###......##.#
#.(.#######.##### #.###
#v.......# ##v#
#§.......# ##..#
#§.......# #.z##
#§.......# #z##
#@.......# #######.#
#.§......# ........#
#.§......# .##.....#
###..§.....#
##...#########.....§....#
...................v.####
.....#########.##.#..#
##.....## #..#..#@.#
##..##...## #.##.##).##


You could see Joseph (ally target).

Vanquished Creatures
  Grinder (D:6)
  Eustachio (D:6)
  2 ice beasts (D:7)
  A sky beast (D:6)
  A necrophage (D:6)
  2 ogres
  A centaur (D:7)
  A phantom (D:5)
  Blork the orc (D:6)
  2 bullfrogs
  A water moccasin skeleton (D:4)
  3 wights (D:7)
  A howler monkey (D:7)
  2 hounds
  Crazy Yiuf (D:6)
  2 bullfrog skeletons (D:6)
  A gnoll shaman (D:4)
  A centaur skeleton (D:5)
  2 orc priests (D:3)
  Jessica (D:3)
  An iguana (D:4)
  Ijyb (D:3)
  A howler monkey skeleton (D:7)
  7 gnolls
  7 adders
  A shadow imp (D:7)
  3 white imps
  An adder skeleton (D:5)
  An adder zombie (D:5)
  2 worms
  3 dart slugs
  6 orcs
  10 endoplasms
  A giant cockroach (D:3)
  4 hobgoblins
  2 jackals (D:3)
  4 quokkas
  10 ball pythons
  6 bats
  3 frilled lizards
  7 goblins
  3 kobolds
  8 rats
120 creatures vanquished.

Vanquished Creatures (others)
  265 foxfires
  2 fungi (D:6)
267 creatures vanquished.

Grand Total: 387 creatures vanquished

Notes
Turn   | Place    | Note
-------+----------+-------------------------------------------
     0 | D:1      | hawla the Felid Fire Elementalist began the quest for the
                  | Orb.
     0 | D:1      | Reached XP level 1. HP: 7/7 MP: 4/4
   165 | D:1      | Found a faded altar of an unknown god.
   217 | D:1      | Reached skill level 3 in Fire Magic
   247 | D:1      | Reached XP level 2. HP: 8/11 MP: 4/6
   374 | D:1      | Learned a level 2 spell: Scorch
  1424 | D:2      | Reached XP level 3. HP: 12/14 MP: 5/7
  1681 | D:2      | Reached skill level 1 in Conjurations
  2656 | D:3      | Noticed Ijyb
  2673 | D:3      | Learned a level 1 spell: Apportation
  2709 | D:3      | Noticed Jessica
  2711 | D:3      | Killed Jessica
  2712 | D:3      | Reached skill level 1 in Translocations
  2712 | D:3      | Reached XP level 4. HP: 18/18 MP: 6/9
  2802 | D:3      | Killed Ijyb
  2803 | D:3      | Reached skill level 1 in Unarmed Combat
  2941 | D:3      | Learned a level 4 spell: Flame Wave
  3230 | D:3      | Identified the +2 leather armour of Uthey {*Slow Str+4
                  | Int+2}
  3377 | D:3      | Reached XP level 5. HP: 16/21 MP: 2/10
  3379 | D:3      | Reached skill level 4 in Fire Magic
  4610 | D:4      | Gained mutation: You are covered in thick fur. (AC +2)
                  | [Felid growth]
  4610 | D:4      | Reached XP level 6. HP: 24/24 MP: 3/11
  4629 | D:5      | Entered Level 5 of the Dungeon
  5330 | D:4      | Reached skill level 5 in Fire Magic
  6041 | D:5      | Reached XP level 7. HP: 27/27 MP: 7/12
  6275 | D:5      | Reached skill level 6 in Fire Magic
  6327 | D:5      | Found Taogoem's Specific Store.
  6328 | D:5      | Found Atai's General Store.
  7173 | D:6      | Noticed Edmund
  7372 | D:6      | Noticed Eustachio
  7386 | D:6      | Killed Eustachio
  7390 | D:6      | Noticed Grinder
  7449 | D:6      | Killed Grinder
  7450 | D:6      | Reached skill level 7 in Fire Magic
  7450 | D:6      | Reached XP level 8. HP: 19/31 MP: 2/13
  8049 | D:6      | Found a runed translucent door.
  8189 | D:6      | Noticed Crazy Yiuf
  8231 | D:6      | Noticed Blork the orc
  8237 | D:6      | Killed Blork the orc
  8599 | D:7      | Noticed an eight-headed hydra
  8605 | D:7      | Slain by an eight-headed hydra
  8606 | D:7      | Reached XP level 7. HP: -2/27 MP: 7/12
  8794 | D:6      | Killed Crazy Yiuf
  8795 | D:6      | Reached skill level 8 in Fire Magic
  9113 | D:7      | Reached XP level 8. HP: 26/31 MP: 3/13
  9179 | D:7      | Found Anoy's Weapon Shoppe.
  9433 | D:7      | Noticed Joseph
  9436 | D:7      | Noticed Dowan
  9438 | D:7      | Slain by an eight-headed hydra
  9439 | D:7      | Reached XP level 7. HP: -3/27 MP: 12/12
  9455 | D:7      | Reached skill level 5 in Conjurations
  9490 | D:7      | Shot with a sling bullet by Joseph

Illustrated notes

Levels and vault maps discovered:
D:1:      dpeg_arrival_houses_and_road, layout_loops_corners,
          hellmonk_ecumenical_altar_arch_garden, minmay_misc_feat_plants
D:2:      layout_loops_corners
D:3:      layout_basic, uniq_jessica, uniq_ijyb
D:4:      layout_loops_ring
D:5:      layout_basic, nicolae_specific_store
D:6:      layout_basic, uniq_grinder, uniq_blork_the_orc, uniq_eustachio,
          uniq_crazy_yiuf_cottage, uniq_edmund
D:7:      layout_rooms, kennysheep_mini_moat, general_overflow_altar,
          temple_green, serial_shops, nicolae_shop_bloodbath_and_beyond,
          uniq_joseph, uniq_duvessa

Skill      XL: |  1  2  3  4  5  6  7 |
---------------+----------------------+-----
Fire Magic     | 3 4 5 8 |  8.7
Stealth        | 3 |  3.1
Conjurations   | 1 2 3 5 |  5.0
Dodging        | 3 4 |  4.8
Translocations | 1 |  1.5
Unarmed Combat | 1 2 |  2.2
Spellcasting   | 3 |  3.0
Fighting       | |  0.2

Action                   |  1- 3 |  4- 6 |  7- 9 || total
-------------------------+-------+-------+-------++-------
Melee: Unarmed           |    42 |    38 |    20 ||   100
       Bite              |     3 |     3 |     6 ||    12
       Punch             |     1 |     3 |       ||     4
 Cast: Foxfire           |    34 |    72 |    61 ||   167
       Scorch            |     8 |    28 |    30 ||    66
       Apportation       |       |     3 |       ||     3
       Flame Wave        |       |     1 |    11 ||    12
  Use: Scroll            |     4 |     2 |     3 ||     9
       Potion            |       |       |     6 ||     6
 Stab: Sleeping          |     1 |     1 |     1 ||     3
Armor: Skin              |       |     4 |     1 ||     5
Dodge: Dodged            |    29 |    60 |    77 ||   166
